 Dungeon Crawl Stone Soup version 0.30-b1-2-g02819fbbbe (webtiles) character file.

Game seed: 2243824462795250258

96 Alarkh the Trooper (level 4, 38/38 HPs)
             Began as a Demonspawn Artificer on Nov 26, 2023.
             Got out of the dungeon alive.
             The game lasted 00:01:31 (1665 turns).

Alarkh the Trooper (Demonspawn Artificer)           Turns: 1665, Time: 00:01:31

Health: 38/38      AC:  3    Str: 13    XL:     4   Next: 41%
Magic:  4/4        EV: 11    Int: 14    God:
Gold:   95         SH:  0    Dex: 13    Spells: 3/3 levels left

rFire   . . .        g - +0 quarterstaff
rCold   . . .        (shield currently unavailable)
rNeg    . . .        b - +0 leather armour
rPois   .            (helmet restricted)
rElec   .            (no cloak)
rCorr   .            (no gloves)
SInv    .            (no boots)
Will    .....        (no amulet)
Stlth   +            f - ring of wizardry
HPRegen 0.26/turn    (no ring)
MPRegen 0.09/turn

%: wizardry (x1)
@: no status effects
A: horns 1, spiny 1
a: no special abilities


You escaped.
You visited 1 branch of the dungeon, and saw 3 of its levels.

You collected 95 gold pieces.

Inventory:

Hand Weapons
 a - a +0 short sword
 g - a +0 quarterstaff (weapon)
Armour
 b - a +0 leather armour (worn)
Magical Staves
 n - a staff of fire
Jewellery
 f - a ring of wizardry (left hand)
Wands
 c - a wand of flame (13) (quivered)
 d - a wand of charming (15)
 e - a wand of iceblast (4)
Scrolls
 i - a scroll of vulnerability {unknown}
 j - a scroll of brand weapon {unknown}
 k - a scroll of identify {unknown}
 l - a scroll of teleportation {unknown}
Potions
 h - a potion of curing {unknown}
 m - a potion of flight {unknown}


   Skills:
 + Level 4.3 Fighting
 - Level 1.7 Armour
 - Level 0.8 Dodging
 - Level 0.8 Stealth
 - Level 3.0 Evocations


You had 3 spell levels left.
You didn't know any spells.
Your spell library contained the following spells:

 Spells                   Type           Power      Damage    Failure   Level
 Dazzling Flash           Conj/Hex       0%         N/A       38%         3
 Summon Guardian Golem    Hex/Summ       0%         N/A       38%         3
 Agony                    Necr           0%         N/A       98%         5
 Silence                  Hex/Air        0%         N/A       98%         5
 Orb of Destruction       Conj           0%         9d5       100%        7
 Spellforged Servitor     Conj/Summ      0%         N/A       100%        7


Dungeon Overview and Level Annotations

Branches:
Dungeon (3/15)

Altars:


Innate Abilities, Weirdness & Mutations

You have a pair of small horns on your head.
You are partially covered in sharp spines.


Message History

You sock the orc priest!
You kill the orc priest!
The orc is struck by your spines.
You kill the orc!
Your Fighting skill increases to level 4!
You have reached level 4!
You feel stronger.
Your demonic ancestry asserts itself...
A pair of horns grows on your head!
You sock the orc!
You kill the orc!
Items here: )))) †††.
n - a staff of fire A ball python comes into view.
You can't go up here!
You can't go up here!
The ball python hisses angrily.
The ball python closely misses you.
You sock the ball python!
You kill the ball python!
No target in view!
No target in view!
No target in view!
No target in view!
No target in view!
(D) Dungeon
Where to? (Enter - D:3 @ (x,y), ? - help)
Things that are here:
a jackal skeleton; a jackal skeleton
There is a stone staircase leading up here.
You climb upwards.
There is a stone staircase leading down here.
(D) Dungeon
Where to? (Enter - D:2, ? - help)
What level of the Dungeon? (default 1, ? - help)
There is a stone staircase leading up here.
You climb upwards.
There is a stone staircase leading down here.
There is a staircase leading out of the dungeon here.
Are you sure you want to leave the Dungeon?
This will make you lose the game!
You have escaped!

#.......#.........÷...
#....##.######........
#....##.# #.##..###
#.)..##'### #.#..##
########....#....####...##
#...........#....##....##
#.######....#....>..#.##
#.## ##########.###.#
#..######.#.@# #.....#
#......#..#..# #######
#............#
#............#
###.#.##.#...#
######..#.># #######


There were no monsters in sight!

Vanquished Creatures
  An orc priest (D:3)
  3 adders (D:2)
  A worm (D:2)
  4 orcs (D:3)
  5 bats (D:1)
  A giant cockroach (D:2)
  3 jackals (D:3)
  3 kobolds (D:1)
  2 quokkas (D:1)
  4 ball pythons
  2 frilled lizards
  2 goblins
  4 rats
35 creatures vanquished.

Notes
Turn   | Place    | Note
-------+----------+-------------------------------------------
     0 | D:1      | Alarkh the Demonspawn Artificer began the quest for the
                  | Orb.
     0 | D:1      | Reached XP level 1. HP: 15/15 MP: 1/1
   166 | D:1      | Reached skill level 2 in Fighting
   176 | D:1      | Gained mutation: You are partially covered in sharp spines.
                  | [demonic ancestry]
   176 | D:1      | Reached XP level 2. HP: 11/22 MP: 2/2
   689 | D:2      | Reached skill level 3 in Fighting
   726 | D:2      | Reached XP level 3. HP: 27/29 MP: 3/3
  1517 | D:3      | Reached skill level 4 in Fighting
  1517 | D:3      | Gained mutation: You have a pair of small horns on your
                  | head. [demonic ancestry]
  1517 | D:3      | Reached XP level 4. HP: 27/37 MP: 4/4
  1665 | D:$      | Got out of the dungeon alive.

Illustrated notes

Levels and vault maps discovered:
D:1:      minmay_arrival_jagged, layout_basic, hex_medium
D:2:      layout_loops_ring, nrook_campfire, st_stairs_3
D:3:      layout_basic, chequers_hall_statues_y

Skill      XL: |  1  2  3 |
---------------+----------+-----
Fighting       | 2 3 4 |  4.3
Armour         | |  1.7
Dodging        | |  0.8
Stealth        | |  0.8
Evocations     | |  3.0

Action                     |  1- 3 |  4- 6 || total
---------------------------+-------+-------++-------
  Melee: Short sword       |    23 |       ||    23
         Club              |     8 |       ||     8
         Quarterstaff      |    42 |     2 ||    44
  Evoke: Wand              |     3 |       ||     3
   Stab: Sleeping          |     1 |       ||     1
 Armour: Leather armour    |    21 |       ||    21
  Dodge: Dodged            |    50 |     1 ||    51
